 Dungeon Crawl Stone Soup version 0.30-a0-989-g0d87f670db (webtiles) character file.

Game seed: 7931677399338042863

77 Maxmaps the Changer (level 4, -1/49 HPs)
             Began as a Demonspawn Transmuter on Apr 4, 2023.
             Succumbed to a scorpion's poison
             ... on level 3 of the Dungeon.
             The game lasted 00:03:11 (2582 turns).

Maxmaps the Changer (Demonspawn Transmuter)         Turns: 2582, Time: 00:03:12

Health: -1/49      AC: 22    Str: 11    XL:     4   Next: 14%
Magic:  7/7        EV:  2    Int: 16    God:
Gold:   137        SH:  0    Dex: 13    Spells: 3/7 levels left

rFire   . . .      SeeInvis .    k - +0 eveningstar
rCold   . . .      Faith    .    (no shield)
rNeg    . . .      Spirit   .    l - melded +0 chain mail
rPois   +          Reflect  .    (helmet currently unavailable)
rElec   .          Rampage  .    (cloak currently unavailable)
rCorr   .          NoTele   +    (gloves currently unavailable)
Will    .....                    (boots currently unavailable)
Stlth   +                        (no amulet)
HPRegen 0.28/turn                (no ring)
MPRegen 0.10/turn                (no ring)

@: lethally poisoned (-1 -> -17), tree-form
A: stationary, stasis, torment immunity, boosted hp, demonic guardian 1
a: no special abilities


You were on level 3 of the Dungeon.
You were a tree.
You visited 1 branch of the dungeon, and saw 3 of its levels.

You collected 137 gold pieces.

Inventory:

Hand Weapons
 k - a +0 eveningstar (weapon)
Armour
 a - a +0 robe
 l - a +0 chain mail (melded)
Scrolls
 c - 2 scrolls of blinking {unknown}
 e - a scroll of fear {unknown}
 h - a scroll of fog {unknown}
 i - 2 scrolls of amnesia {unknown}
 j - 2 scrolls of vulnerability {unknown}
 m - a scroll of identify {unknown}
Potions
 b - 2 potions of lignification
 d - a potion of flight
 f - a potion of curing {unknown}
 g - a potion of heal wounds {unknown}
 n - a potion of haste {unknown}


   Skills:
 - Level 2.1 Fighting
 - Level 1.7 Dodging
 - Level 2.6 Unarmed Combat
 - Level 2.0 Spellcasting
 - Level 3.5 Transmutations


You had 3 spell levels left.
You knew the following spells:

 Your Spells              Type           Power      Damage    Failure   Level
a - Beastly Appendage     Tmut           26%        N/A       4%          1
b - Spider Form           Tmut/Pois      7%         N/A       30%         3

Your spell library contained the following spells:

 Spells                   Type           Power      Damage    Failure   Level
 Wereblood                Tmut           13%        N/A       8%          2
 Foxfire                  Conj/Fire      4%         2x1d2     21%         1
 Freeze                   Ice            4%         1d3       21%         1
 Frozen Ramparts          Ice            2%         1d1       52%         3
 Hailstorm                Conj/Ice       1%         3d3       52%         3
 Ice Form                 Ice/Tmut       7%         N/A       69%         4
 Fireball                 Conj/Fire      0%         3d3       99%         5
 Starburst                Conj/Fire      0%         6d3       100%        6


Dungeon Overview and Level Annotations

Branches:
Dungeon (3/15)

Altars:


Innate Abilities, Weirdness & Mutations

You are a tree.
Your roots penetrate the ground, keeping you stationary.
You cannot be teleported.
You are immune to unholy pain and torment.
Your maximum health is greatly increased.
Your equipment is partially melded.
A weak demonic guardian rushes to your aid.


Message History

No target in view!
No target in view!
No target in view!
Found a stone staircase leading down.
A scorpion comes into view.
A scorpion is nearby!
The scorpion stings you but does no damage.
You barely miss the scorpion. The scorpion stings you. x2
You are poisoned.
The scorpion poisons you!
You closely miss the scorpion.
You feel very sick. The scorpion stings you.
You hit the scorpion.
The scorpion is moderately wounded.
You feel very sick.
The scorpion stings you but does no damage. x2
You hit the scorpion. Your punch misses the scorpion.
The scorpion is heavily wounded.
You feel sick. The scorpion stings you.
You are more poisoned.
The scorpion poisons you! The scorpion stings you.
You are more poisoned.
The scorpion poisons you!
Really quaff the potion of lignification?
You turn into a tree.
Your +0 chain mail melds into your body.
Your roots penetrate the ground.
* * * LOW HITPOINT WARNING * * *
You feel very sick. The scorpion stings you.
* * * LOW HITPOINT WARNING * * *
A demonic guardian appears!
You sock the scorpion!
The scorpion is almost dead.
* * * LOW HITPOINT WARNING * * *
You feel extremely sick.
The scorpion stings you but does no damage. x2
It was a potion of flight.
Your roots keep you in place.
You die...

#.#.#.# .##.
.#.#.#.# ..#.
.#.#...# ...
.#.#.#.# #..
.#.#.#.#
#..#.#...#.#
#####..#.#.#.#..
......s#5#.#.#..
.......♣...#.#..#
........##.#.#..#
...........#.#
......##>..#.#
###### #####.#


You could see a scorpion (ally target) and a friendly shadow imp (summoned).

Vanquished Creatures
  A gnoll (D:1)
  2 adders
  A worm (D:2)
  3 bats
  An endoplasm (D:2)
  2 giant cockroaches
  2 goblins (D:1)
  7 hobgoblins
  A jackal (D:2)
  A quokka (D:2)
  5 ball pythons
  3 frilled lizards
  8 kobolds
  7 rats
44 creatures vanquished.

Vanquished Creatures (collateral kills)
  A dart slug (D:1)
  A bat (D:2)
2 creatures vanquished.

Grand Total: 46 creatures vanquished

Notes
Turn   | Place    | Note
-------+----------+-------------------------------------------
     0 | D:1      | Maxmaps the Demonspawn Transmuter began the quest for the
                  | Orb.
     0 | D:1      | Reached XP level 1. HP: 15/15 MP: 3/3
   113 | D:1      | Reached skill level 2 in Transmutations
   360 | D:1      | Gained mutation: A weak demonic guardian rushes to your
                  | aid. [demonic ancestry]
   360 | D:1      | Reached XP level 2. HP: 21/21 MP: 5/5
   994 | D:1      | Reached skill level 3 in Transmutations
  1208 | D:2      | Reached XP level 3. HP: 25/26 MP: 6/6
  1239 | D:2      | Learned a level 3 spell: Spider Form
  2482 | D:3      | Reached XP level 4. HP: 33/33 MP: 7/7
  2573 | D:3      | Noticed a scorpion
  2581 | D:3      | HP: 2/49 [poisoned by a scorpion]
  2582 | D:3      | Succumbed to a scorpion's poison

Illustrated notes

Levels and vault maps discovered:
D:1:      lightli_arrival_noodles, layout_loops_corners, supply_closet_lemuel
D:2:      minmay_skewed_foursquare, layout_basic, kennysheep_generic_room_12
D:3:      minmay_razor_zed, layout_basic, grunt_decor_cap,
          small_statue_intersection, dreamdust_princess_corridor,
          kennysheep_generic_room_14

Skill      XL: |  1  2  3 |
---------------+----------+-----
Transmutations | 2 3 |  3.5
Fighting       | 2 |  2.1
Dodging        | |  1.7
Unarmed Combat | |  2.6
Spellcasting   | |  2.0

Action                     |  1- 3 |  4- 6 || total
---------------------------+-------+-------++-------
  Melee: Unarmed           |    89 |       ||    89
         Kick              |    13 |       ||    13
         Headbutt          |     6 |       ||     6
         Eveningstar       |    39 |    10 ||    49
   Cast: Beastly Appendage |    14 |       ||    14
    Use: Potion            |       |     2 ||     2
   Stab: Sleeping          |     2 |       ||     2
 Armour: Robe              |    14 |       ||    14
         Chain mail        |    37 |     8 ||    45
         Skin              |       |     2 ||     2
  Dodge: Dodged            |    56 |     1 ||    57

Table legend: (Time is in decaauts)
 A = Elapsed time spent in this place.
 B = Non-inter-level travel time spent in this place.
 C = Inter-level travel time spent in this place.
 D = Time resting spent in this place.
 E = Time spent auto-exploring this place.
 F = Levels seen in this place.
 G = Mean time per level.
                   A        B        C        D        E       F      G
               +--------+--------+--------+--------+--------+-----+--------+
         Total |   2600 |   2479 |    121 |    308 |   1794 |   3 |  866.7 |
       Dungeon |   2600 |   2479 |    121 |    308 |   1794 |   3 |  866.7 |
               +--------+--------+--------+--------+--------+-----+--------+

Top non-repeatable levels by time:
     D:2: 1316 daAuts
     D:1: 1154 daAuts
     D:3: 130 daAuts
